 Dungeon Crawl Stone Soup version 0.23.1 (webtiles) character file.

Game seed: 12039700221498204906

58 Yunesin the Chopper (level 4, -1/31 HPs)
             Began as an Octopode Berserker on Mar 14, 2019.
             Was a Believer of Trog.
             Slain by an orc wizard
             ... wielding a +0 dagger
              (4 damage)
             ... on level 3 of the Dungeon.
             The game lasted 00:05:47 (1765 turns).

Yunesin the Chopper (Octopode Berserker)            Turns: 1765, Time: 00:05:47

Health: -1/31      AC:  1    Str: 16    XL:     4   Next: 2%
Magic:  4/4        EV: 14    Int:  9    God:    Trog [**....]
Gold:   67         SH:  0    Dex: 12    Spells: 3/3 levels left

rFire    . . .     SeeInvis .   a - +0 hand axe
rCold    + . .     Gourm    .   (no shield)
rNeg     . . .     Faith    .   (helmet restricted)
rPois    .         Spirit   .   (no amulet)
rElec    .         Reflect  .   e - ring of protection from cold
rCorr    .         Harm     .   (no ring)
MR       .....                  (no ring)
Stlth    ++........             (no ring)
HPRegen  0.10/turn              (no ring)
MPRegen  0.09/turn              (no ring)
                                (no ring)
                                (no ring)

@: berserk cooldown, slowed, very slow
A: almost no armour, stealthy swim, amphibious, 8 rings, constrict 8, camouflage
1, gelatinous body 1
a: Berserk, Trog's Hand, Renounce Religion


You were on level 3 of the Dungeon.
You worshipped Trog.
Trog was pleased with you.
You were hungry.

You visited 1 branch of the dungeon, and saw 3 of its levels.

You collected 67 gold pieces.

Inventory:

Hand Weapons
 a - a +0 hand axe (weapon)
Jewellery
 e - a ring of protection from cold (left tentacle)
Scrolls
 c - a scroll of blinking {unknown}
 f - 2 scrolls of remove curse {unknown}
 h - a scroll of fear {unknown}
 i - 2 scrolls of identify {unknown}
 k - a scroll of amnesia {unknown}
 l - a scroll of magic mapping {unknown}
 r - a scroll of teleportation {unknown}
Potions
 d - a potion of berserk rage {unknown}
 g - a potion of haste {unknown}
 j - a potion of cancellation {unknown}
 m - a potion of curing {unknown}
 o - a potion of brilliance {unknown}
 p - a potion of ambrosia {unknown}
 q - a potion of agility {unknown}
Comestibles
 b - 3 rations
 n - 8 chunks of flesh


   Skills:
 + Level 3.3 Fighting
 * Level 4.0 Axes
 * Level 3.6 Dodging


You had 3 spell levels left.
You didn't know any spells.
Your spell library was empty.

Dungeon Overview and Level Annotations

Branches:
Dungeon (3/15)

Altars:


Innate Abilities, Weirdness & Mutations

You cannot wear most types of armour.
You are very stealthy in the water. (Stealth+)
You are amphibious.
You can wear up to eight rings at the same time.
You can use your tentacles to constrict eight enemies at once.
Your skin changes colour to match your surroundings (Stealth+).
Your rubbery body absorbs attacks. (AC +1, EV +1)


Message History

You miss something. You slash the giant cockroach!
You kill the giant cockroach!
Trog accepts your kill.
You hit something. Something hits you but does no damage.
You are no longer berserk.
You are exhausted.
You feel yourself slow down. Something barely misses you.
Things that are here:
a +0 hand axe; a stone; a giant cockroach corpse You butcher the giant cockroach corpse.
Something barely misses you.
Things that are here:
a +0 hand axe; a stone; 2 chunks of flesh Something completely misses you.
Something hits you.
* * * LOW HITPOINT WARNING * * *
Items here: ( )) [ a +0 dagger; a +0 falchion; a +0 ring mail; a stone There isn't anything to butcher here.
You slash something! Something hits you but does no damage. Something hits you.
You die...

#.# #.# #.# #.#
#.# ..# #.#
.....###)#
.......)@#######
#######
.....####......#
#.....# ..#
#.####.###.....##
#.####.##...÷....
#.#............##
#<#.##.###.....##
....# #.#.##÷#
######## ....#
##.##
#......##### #
....# #...#
###........# #


There were no monsters in sight!

Vanquished Creatures
  An ooze (D:3)
  A worm (D:2)
  A dart slug (D:2)
  A leopard gecko (D:3)
  3 orcs (D:3)
  2 ball pythons
  4 giant cockroaches
  8 goblins
  3 hobgoblins
  7 bats
  2 frilled lizards (D:2)
  6 kobolds
  4 rats
43 creatures vanquished.

Notes
Turn   | Place    | Note
-------+----------+-------------------------------------------
     0 | D:1      | Yunesin the Octopode Berserker began the quest for the Orb.
     0 | D:1      | Reached XP level 1. HP: 16/16 MP: 1/1
   343 | D:1      | Reached XP level 2. HP: 21/21 MP: 2/2
  1088 | D:2      | Reached XP level 3. HP: 4/26 MP: 3/3
  1512 | D:2      | Reached ** piety under Trog
  1760 | D:3      | Reached skill level 4 in Axes
  1760 | D:3      | Reached XP level 4. HP: 12/31 MP: 4/4
  1765 | D:3      | Slain by an orc wizard

Skill      XL: |  1  2  3 |
---------------+----------+-----
Axes           | 4 |  4.0
Fighting       | |  3.3
Dodging        | |  3.6

Action                   |  1- 3 |  4- 6 || total
-------------------------+-------+-------++-------
Melee: Hand axe          |    64 |     2 ||    66
       Constrict         |    16 |       ||    16
       Tentacles         |    11 |       ||    11
Invok: Berserk           |     1 |       ||     1
 Stab: Sleeping          |     7 |       ||     7
  Eat: Chunk             |     3 |       ||     3
Armor: Skin              |     8 |     1 ||     9
Dodge: Dodged            |    41 |     3 ||    44
